 Dungeon Crawl Stone Soup version 0.18-b1-22-ge198996 (webtiles) character file.

41 Chiseanne the Magician (level 3, -3/39 HPs)
             Began as a Demonspawn Wizard on May 4, 2016.
             Killed from afar by a goblin (16 damage)
             ... with an exploding inner flame
             ... hexed by the player character
             ... on level 2 of the Dungeon.
             The game lasted 00:04:15 (1966 turns).

Chiseanne the Magician (Demonspawn Wizard)          Turns: 1966, Time: 00:04:16

Health: -3/39      AC:  3    Str: 12    XL:     3   Next: 32%
Magic:  0/7        EV: 12    Int: 20    God:
Gold:   99         SH:  0    Dex: 11    Spells: 4 memorised, 0 levels left

rFire  . . .     SeeInvis .     h - +0 mace (crush)
rCold  . . .     Gourm    .     a - +0 robe
rNeg   . . .     Faith    .     (no shield)
rPois  .         Spirit   +     b - +0 hat
rElec  .         Dismiss  .     (no cloak)
rCorr  .         Reflect  .     (no gloves)
SustAt .         Harm     .     (no boots)
MR     .....                    (no amulet)
Stlth  ..........               (no ring)
                                (no ring)

@: berserking, lethally poisoned (-3 -> -4), repel missiles, very quick, not
resistant to hostile enchantments, extremely unstealthy
A: rugged brown scales 1, magic shield
a: no special abilities


You were on level 2 of the Dungeon.
You were not hungry.

You visited 1 branch of the dungeon, and saw 2 of its levels.

You collected 99 gold pieces.

Inventory:

Hand Weapons
 h - a +0 mace of crushing (weapon)
Missiles
 e - 74 stones (quivered)
 i - 16 sling bullets
Armour
 a - a +0 robe (worn)
 b - a +0 hat (worn)
Scrolls
 f - 3 scrolls of remove curse
 g - a scroll of fog
 j - a scroll of recharging
Potions
 l - a potion of berserk rage
Books
 c - a book of Minor Magic

   Spells                             Type                      Level
   a - Magic Dart                     Conjuration                  1
   b - Blink                          Translocation                2
   c - Call Imp                       Summoning                    2
   d - Repel Missiles                 Charms/Air                   2
   e - Slow                           Hexes                        2
   f - Conjure Flame                  Conjuration/Fire             3
   g - Mephitic Cloud                 Conjuration/Poison/Air       3
Comestibles
 d - a bread ration
 k - 2 meat rations
 m - 10 fruits


   Skills:
 * Level 1.4 Fighting
 - Level 1.7 Dodging
 - Level 1.7 Stealth
 * Level 3.4 Spellcasting
 * Level 2.1 Conjurations
   Level 1.0 Summonings
 - Level 0.8 Translocations


You couldn't memorise any spells.
You knew the following spells:

 Your Spells              Type           Power        Failure   Level  Hunger
a - Magic Dart            Conj           ##..         10%         1    None
b - Blink                 Tloc           N/A          17%         2    ##.....
c - Repel Missiles        Chrm/Air       #.....       24%         2    ##.....
d - Mephitic Cloud        Conj/Pois/Air  #.......     30%         3    ###....


Dungeon Overview and Level Annotations

Branches:
Dungeon (2/15)

Altars:

Annotations:
D:1 exclusion: downstairs
D:2 Sigmund


Innate Abilities, Weirdness & Mutations

You are partially covered in rugged brown scales (AC +1, +3% HP).
When hurt, damage is shared between your health and your magic reserves.


Message History

Unknown command.
Drink which item? (? for menu, Esc to quit)
It was a potion of berserk rage.
A red film seems to cover your vision as you go berserk!
You feel yourself moving faster!
You feel mighty! The bat hits you but does no damage. The adder bites you.
You barely miss the adder. The adder closely misses you.
The goblin hits you with a dagger.
You sock the adder!
The adder explodes!
The fiery explosion engulfs the bat.
The bat explodes!
The fiery explosion engulfs the rat.
The rat explodes!
The fiery explosion engulfs the giant gecko.
The giant gecko explodes!
The fiery explosion engulfs the goblin.
The goblin explodes!
The fiery explosion engulfs you!
You die...

......................w
.......##..............
........#..............?
......#+#...............
........................
....##.........#... ..
....##.......§§#§##.#
#...##.......§§§§...###
.............§§§@...(.#
.............§§§§.....#
..............§§§.....#
......................#
#####.#...............#
..# #.#...............#
..###+#........#+######
......................#
......................#


There were no monsters in sight!

Vanquished Creatures
  A worm (D:2)
  A dart slug (D:1)
  2 giant geckos (D:2)
  6 goblins
  3 hobgoblins
  3 jackals (D:1)
  5 kobolds
  A quokka (D:2)
  2 bats (D:1)
  2 giant newts (D:2)
  5 rats
31 creatures vanquished.

Notes
Turn   | Place    | Note
--------------------------------------------------------------
     0 | D:1      | Chiseanne the Demonspawn Wizard began the quest for the Orb.
     0 | D:1      | Reached XP level 1. HP: 13/13 MP: 4/4
   464 | D:1      | Gained mutation: You are partially covered in rugged brown scales (AC +1, +3% HP). [demonic ancestry]
   464 | D:1      | Reached XP level 2. HP: 13/19 MP: 3/6
   832 | D:1      | Learned a level 2 spell: Blink
   835 | D:1      | Learned a level 2 spell: Repel Missiles
  1207 | D:2      | Reached skill level 1 in Fighting
  1439 | D:2      | Noticed Sigmund
  1441 | D:2      | Gained mutation: When hurt, damage is shared between your health and your magic reserves. [demonic ancestry]
  1441 | D:2      | Reached XP level 3. HP: 26/26 MP: 0/7
  1895 | D:2      | Learned a level 3 spell: Mephitic Cloud
  1966 | D:2      | Killed from afar by a goblin

Skill      XL: |  1  2 |
---------------+-------+-----
Conjurations   | 2 |  2.1
Fighting       | 1 |  1.4
Dodging        | |  1.7
Stealth        | |  1.7
Spellcasting   | |  3.4
Summonings     | |  1.0
Translocations | |  0.8

Action                   || total
-------------------------++-------
Melee: Mace              ||    18
 Cast: Magic Dart        ||    75
       Repel Missiles    ||     1
       Mephitic Cloud    ||     1
       Blink             ||     1
  Use: Scroll            ||     9
       Potion            ||     1
  Eat: Chunk             ||     3
Armor: Robe              ||    15
Dodge: Dodged            ||    57
